 Dungeon Crawl Stone Soup version 0.14-a0-1254-g249fea6 (webtiles) character file.

1908 Ololoev the Cleaver (level 8, -1/72 HPs)
             Began as a Deep Dwarf Berserker on Dec 3, 2013.
             Was an Elder of Trog.
             Slain by a wight
             ... wielding a cursed +1,+1 halberd
              (8 damage)
             ... on Level 7 of the Dungeon.
             The game lasted 00:45:25 (5467 turns).

Ololoev the Cleaver (Deep Dwarf Berserker)          Turns: 5467, Time: 00:45:25

HP  -1/72        AC  6     Str 20      XL: 8   Next: 78%
MP  13/13        EV 12     Int  9      God: Trog [****..]
Gold 155         SH  7     Dex 14      Spells:  0 memorised,  7 levels left

rFire  . . .     SeeInvis +     b - +1,+0 war axe (flame)
rCold  . . .     Clarity  .     p - +2 leather armour
rNeg   . . .     Conserve .     t - -1 buckler
rPois  .         rCorr    .     (no helmet)
rElec  .         rRot     .     e - +0 cloak
SustAb . .       Spirit   .     (no gloves)
rMut   .         Warding  .     (no boots)
Saprov . . .     Stasis   .     (no amulet)
                                (no ring)
                                y - ring of see invisible

@: non-regenerating, drained, somewhat resistant to hostile enchantments,
unstealthy
A: damage resistance, recharge devices, sense surroundings 1, slow healing 3
a: Device Recharging, Burn Spellbooks, Berserk, Trog's Hand, Brothers in Arms,
Renounce Religion


You were on level 7 of the Dungeon.
You worshipped Trog.
Trog was greatly pleased with you.
You were not hungry.

You visited 1 branch of the dungeon, and saw 7 of its levels.

You collected 267 gold pieces.
You spent 112 gold pieces at shops.

Inventory:

Hand weapons
 b - a +1,+0 war axe of flaming (weapon)
Missiles
 w - 13 darts (quivered)
 z - 20 poisoned needles
Armour
 e - a +0 cloak (worn)
 p - a +2 leather armour (worn)
 t - a -1 buckler (worn)
Magical devices
 c - a wand of heal wounds (1)
Comestibles
 d - 3 bread rations
Scrolls
 a - a scroll of enchant armour {unknown}
 o - a scroll of immolation
 q - a scroll of magic mapping
 s - a scroll of random uselessness {unknown}
 x - a scroll of blinking {unknown}
 A - a scroll of noise {unknown}
Jewellery
 k - an uncursed ring of sustain abilities {unknown}
 y - a ring of see invisible (left hand)
Potions
 f - a potion of agility {unknown}
 g - a potion of degeneration {unknown}
 h - a potion of flight {unknown}
 i - 2 potions of brilliance {unknown}
 j - a potion of speed
 l - 2 potions of poison {unknown}
 m - a potion of restore abilities {unknown}
 n - 2 potions of curing
 r - a potion of magic {unknown}
 v - 2 potions of lignification {unknown}


   Skills:
 - Level 4.0(3.1) Fighting
 + Level 8.9(7.9) Axes
 + Level 4.5(3.6) Throwing
 - Level 2.1(1.3) Armour
 + Level 5.2(4.3) Dodging
 - Level 2.1(1.3) Shields
 - Level 4.0(3.1) Evocations


You had 7 spell levels left.
You didn't know any spells.

Dungeon Overview and Level Annotations

Branches:
Dungeon (7/16)             Temple (0/1) D:4

Altars:
Nemelex Xobeh
Trog

Shops:
D:6 *


Innate Abilities, Weirdness & Mutations

You are resistant to damage.
You can recharge devices by infusing magical energy.
You passively map a small area around you.
You do not heal naturally.


Message History

You barely miss the wight.
The wight is severely damaged.
Your skin stops crawling.
You feel less resistant to hostile enchantments.
The wight closely misses you. The wight misses you.
You hit the wight. You burn the wight.
You destroy the wight!
The wight barely misses you. The wight barely misses you.
Things that are here:
a flail; a robe You barely miss the wight.
You slash the wight! You burn the wight.
The wight is severely damaged.
The wight hits you with a halberd!
* * * LOW HITPOINT WARNING * * *
You hit the wight. You burn the wight.
The wight is severely damaged.
The wight hits you with a halberd!
You die...

, , ....# , , ..... . ,
* .. , #...*.#.. , #..##
##..##.#..# , #....
,.......... , , , #....*
* #......$.#,, , ##....*
###..#..##.#! + .
.....###.).)........ ,
.....#..#@z............,
,
#........##.#..#...##...
,
#..###.#.##.#...........
* ,#...##.#..#..###... *
, #.#.####.#.....###...
* #.#..................
..#....#.###.##..##... ,
..................... .
# )###...#.....###.##.#
,


You could see a wight.

Vanquished Creatures
  Eustachio (D:6)
  2 phantoms
  An ice beast (D:6)
  2 ogres
  A centaur (D:6)
  8 wights
  7 crimson imps
  An orc priest (D:6)
  A centaur zombie (D:6)
  3 hounds (D:6)
  A giant frog skeleton (D:7)
  2 jellies
  An iguana (D:4)
  2 worker ants
  5 adders
  A gnoll (D:6)
  6 worms
  6 orcs
  7 bats
  5 giant cockroaches
  16 goblins
  11 hobgoblins
  A ball python (D:3)
  6 giant geckos
  3 giant newts
  3 goblin skeletons
  19 jackals
  15 kobolds
  A kobold skeleton (D:6)
  2 kobold zombies
  An orc skeleton (D:4)
  A quokka (D:4)
  12 rats
154 creatures vanquished.

Notes
Turn   | Place    | Note
--------------------------------------------------------------
     0 | D:1      | Ololoev, the Deep Dwarf Berserker, began the quest for the Orb.
     0 | D:1      | Reached XP level 1. HP: 20/20 MP: 1/1
   228 | D:1      | Reached XP level 2. HP: 27/27 MP: 2/2
   251 | D:1      | Reached skill level 4 in Axes
   264 | D:1      | Acquired Trog's second power
   737 | D:2      | Found a bloodstained altar of Trog.
   846 | D:2      | Reached XP level 3. HP: 23/33 MP: 3/3
  1033 | D:2      | Found a sparkling altar of Nemelex Xobeh.
  1061 | D:2      | Reached skill level 5 in Axes
  1634 | D:3      | Reached XP level 4. HP: 19/40 MP: 4/4
  1766 | D:3      | Noticed an ogre
  1785 | D:3      | Killed an ogre
  1785 | D:3      | Reached skill level 6 in Axes
  1785 | D:3      | Reached XP level 5. HP: 24/46 MP: 5/5
  2436 | D:4      | Found a staircase to the Ecumenical Temple.
  2636 | D:4      | Noticed a phantom
  2701 | D:4      | Reached skill level 1 in Evocations
  2748 | D:4      | Killed a phantom
  2748 | D:4      | Reached XP level 6. HP: 32/55 MP: 6/10
  3320 | D:5      | Entered Level 5 of the Dungeon
  3444 | D:5      | Reached skill level 1 in Throwing
  3894 | D:5      | Reached XP level 7. HP: 29/62 MP: 11/11
  3972 | D:6      | Reached skill level 7 in Axes
  4040 | D:6      | Acquired Trog's third power
  4653 | D:6      | Reached XP level 8. HP: 72/72 MP: 13/13
  4663 | D:6      | Reached skill level 8 in Axes
  4689 | D:6      | Noticed Eustachio
  4751 | D:6      | Killed Eustachio
  4806 | D:6      | Found Tykuo's Assorted Antiques.
  4815 | D:6      | Bought a glowing war axe for 112 gold pieces
  5436 | D:7      | Reached skill level 5 in Dodging
  5467 | D:7      | Slain by a wight

Action                   |  1- 3 |  4- 6 |  7- 9 || total
-------------------------+-------+-------+-------++-------
Melee: Hand axe          |   140 |   294 |   237 ||   671
       War axe           |       |       |   114 ||   114
Throw: Dart              |       |    28 |    13 ||    41
Invok: Trog's Hand       |     3 |     3 |     6 ||    12
       Berserk           |       |       |     4 ||     4
Evoke: Wand              |       |     4 |     3 ||     7
  Use: Scroll            |       |    12 |     1 ||    13
 Stab: Sleeping          |       |     1 |       ||     1
